 Dungeon Crawl Stone Soup version 0.27-a0-1228-gfd60fd639a (webtiles) character file.

Game seed: 11840904800708534202

61 Shayle the Skirmisher (level 3, -2/28 HPs)
             Began as a Demonspawn Warper on June 7, 2021.
             Slain by an adder (3 damage)
             ... on level 2 of the Dungeon.
             The game lasted 00:03:58 (1717 turns).

Shayle the Skirmisher (Demonspawn Warper)           Turns: 1717, Time: 00:04:03

Health: -2/28      AC:  3    Str: 11    XL:     3   Next: 83%
Magic:  6/6        EV: 11    Int: 15    God:
Gold:   115        SH:  0    Dex: 12    Spells: 6/6 levels left

rFire    . . .     SeeInvis .   a - +0 falchion
rCold    . . .     Faith    .   (no shield)
rNeg     . . .     Spirit   .   b - +0 leather armour
rPois    .         Reflect  .   (no helmet)
rElec    .         Harm     .   (no cloak)
rCorr    .         Rampage  .   (no gloves)
Will     .....                  (no boots)
Stlth    +.........             (no amulet)
HPRegen  0.09/turn              (no ring)
MPRegen  0.10/turn              (no ring)

@: lethally poisoned (-2 -> -8)
A: hooves 1
a: no special abilities


You were on level 2 of the Dungeon.
You visited 1 branch of the dungeon, and saw 2 of its levels.

You collected 115 gold pieces.

Inventory:

Hand Weapons
 a - a +0 falchion (weapon)
Missiles
 e - 5 boomerangs of dispersal
 k - 17 poisoned darts (quivered)
Armour
 b - a +0 leather armour (worn)
Jewellery
 n - a ring of flight
Scrolls
 c - a scroll of identify {unknown}
 d - a scroll of blinking
 g - a scroll of teleportation {unknown}
 i - 2 scrolls of amnesia {unknown}
 j - a scroll of vulnerability {unknown}
Potions
 f - a potion of curing {unknown}
 m - a potion of lignification {unknown}
 o - a potion of haste {unknown}


   Skills:
 + Level 2.9 Fighting
 + Level 2.6 Long Blades
 - Level 0.8 Throwing
 + Level 2.0 Armour
 - Level 1.7 Dodging
 - Level 2.0 Spellcasting
 - Level 2.6 Translocations


You had 6 spell levels left.
You didn't know any spells.
Your spell library contained the following spells:

 Spells                   Type           Power      Damage    Failure   Level
 Blink                    Tloc           N/A        N/A       14%         2
 Gell's Gravitas          Tloc           4%         N/A       28%         3
 Lesser Beckoning         Tloc           4%         N/A       28%         3
 Teleport Other           Tloc           9%         N/A       28%         3
 Manifold Assault         Tloc           9%         N/A       95%         5


Dungeon Overview and Level Annotations

Branches:
Dungeon (2/15)

Altars:
Kikubaaqudgha

Shops:
D:1 ?


Innate Abilities, Weirdness & Mutations

You have large cloven feet.


Message History

The adder barely misses you.
You miss the adder. Your kick misses the adder.
The adder is moderately wounded.
The adder bites you.
You are poisoned.
The adder poisons you! The adder closely misses you.
You miss the adder.
The adder is moderately wounded.
You feel sick. The adder bites you.
You closely miss the adder.
The adder is moderately wounded.
You feel sick. The adder bites you. x2
You are more poisoned.
The adder poisons you!
Your leather armour prevents you from hitting the adder.
You kick the adder.
The adder is moderately wounded.
You feel sick. The adder bites you.
You are lethally poisoned!
The adder poisons you! The adder misses you.
You closely miss the adder. Your kick misses the adder.
The adder is moderately wounded.
* * * LOW HITPOINT WARNING * * *
You feel very sick. The adder closely misses you.
You riposte.
You barely miss the adder. Your kick misses the adder.
The adder is moderately wounded.
It was a potion of might.
You feel very mighty all of a sudden.
* * * LOW HITPOINT WARNING * * *
You feel very sick. The adder bites you.
* * * LOW HITPOINT WARNING * * *
It was a potion of cancellation.
Your magical effects are unravelling.
You feel magically purged.
You feel a little less mighty now.
* * * LOW HITPOINT WARNING * * *
You feel sick. The adder bites you but does no damage. The adder bites you.
You die...

#...# #..#
....# ####.#
....# #....#
.(.## ##.###
.. #.## ...#
#..# .#'####
##.## ......#
#..# ......###
##@# ....^...
#S## ......#
... ......#
#### ......#
......# #####
.#'######...#
.#..........##
##...........#


You could see an adder.

Vanquished Creatures
  An adder zombie (D:2)
  An adder skeleton (D:2)
  2 dart slugs
  3 ball pythons
  3 bats (D:2)
  2 bat zombies (D:2)
  5 endoplasms
  4 giant cockroaches (D:2)
  4 goblins
  3 hobgoblins
  4 jackals
  3 quokkas (D:1)
  A ball python skeleton (D:2)
  3 frilled lizards (D:2)
  A jackal zombie (D:2)
  A kobold (D:1)
  4 rats
45 creatures vanquished.

Vanquished Creatures (others)
  3 withered plants (D:2)
3 creatures vanquished.

Grand Total: 48 creatures vanquished

Notes
Turn   | Place    | Note
-------+----------+-------------------------------------------
     0 | D:1      | Shayle the Demonspawn Warper began the quest for the Orb.
     0 | D:1      | Reached XP level 1. HP: 16/16 MP: 3/3
    66 | D:1      | Reached skill level 1 in Armour
    83 | D:1      | Found Irocsomi's Magic Scroll Shop.
   202 | D:1      | Gained mutation: You have large cloven feet. [demonic
                  | ancestry]
   202 | D:1      | Reached XP level 2. HP: 22/22 MP: 5/5
   870 | D:2      | Found an ancient bone altar of Kikubaaqudgha.
   919 | D:2      | Reached XP level 3. HP: 18/28 MP: 6/6
  1585 | D:2      | Found a faded altar of an unknown god.
  1717 | D:2      | HP: 1/28 [poisoned by an adder]
  1717 | D:2      | Slain by an adder

Illustrated notes

Levels and vault maps discovered:
D:1:      pf_arrival_petrified_forest, layout_rooms, serial_shops, shop,
          item_on_display_a
D:2:      minmay_angry_zag, layout_basic, chequers_ecumenical_altar_simple,
          basic_altar, serial_undead, serial_undead_d, serial_undead_f,
          serial_undead_b, serial_undead_c

Skill      XL: |  1  2  3 |
---------------+----------+-----
Armour         | 1 2 |  2.0
Long Blades    | 2 |  2.6
Fighting       | |  2.9
Throwing       | |  0.8
Dodging        | |  1.7
Spellcasting   | |  2.0
Translocations | |  2.6

Action                   || total
-------------------------++-------
Melee: Falchion          ||   126
       Kick              ||    28
Throw: Dart              ||     6
  Use: Potion            ||     2
Armor: Leather armour    ||    52
Dodge: Dodged            ||   114
       Rpst.: Falchion   ||    36

Table legend: (Time is in decaauts)
 A = Elapsed time spent in this place.
 B = Non-inter-level travel time spent in this place.
 C = Inter-level travel time spent in this place.
 D = Time resting spent in this place.
 E = Time spent auto-exploring this place.
 F = Levels seen in this place.
 G = Mean time per level.
                   A        B        C        D        E       F      G
               +--------+--------+--------+--------+--------+-----+--------+
         Total |   1742 |   1676 |     66 |    179 |   1007 |   2 |  871.0 |
       Dungeon |   1742 |   1676 |     66 |    179 |   1007 |   2 |  871.0 |
               +--------+--------+--------+--------+--------+-----+--------+

Top non-repeatable levels by time:
     D:2: 959 daAuts
     D:1: 782 daAuts
